 Dungeon Crawl Stone Soup version 0.30-a0-168-g0b976cbdc4 (webtiles) character file.

Game seed: 11474417822482179996

260 KarmaKiller the Shield-Bearer (level 6, -7/38 HPs)
             Began as a Gargoyle Fighter on Sept 28, 2022.
             Was an Initiate of Gozag.
             Killed by the air
             ... invoked by pigah's ghost
              (17 damage)
             ... on level 4 of the Dungeon on Sept 29, 2022.
             The game lasted 00:33:32 (3959 turns).

KarmaKiller the Shield-Bearer (Gargoyle Fighter)    Turns: 3959, Time: 00:33:34

Health: -7/38      AC: 14    Str: 22    XL:     6   Next: 17%
Magic:  6/6        EV: 11    Int:  8    God:    Gozag
Gold:   439        SH:  6    Dex: 21    Spells: 5/5 levels left

rFire   . . .      SeeInvis .    a - +0 flail
rCold   . . .      Faith    .    c - +0 buckler
rNeg    + . .      Spirit   .    z - +3 ring mail
rPois   ∞          Reflect  .    s - +0 helmet
rElec   +          Harm     .    (no cloak)
rCorr   .          Rampage  .    (no gloves)
Will    .....                    (no boots)
Stlth   +.........               (no amulet)
HPRegen 0.12/turn                p - +6 ring of dexterity
MPRegen 0.10/turn                i - +6 ring of dexterity

@: gold aura
A: sickness immunity, AC +4, negative energy resistance 1, electricity
resistance, torment resistance 1, petrification resistance
a: Renounce Religion, Potion Petition, Call Merchant, Bribe Branch


You were on level 4 of the Dungeon.
You worshipped Gozag.
Gozag was aware of your devotion.
You visited 1 branch of the dungeon, and saw 4 of its levels.

You collected 439 gold pieces.

Inventory:

Hand Weapons
 a - a +0 flail (weapon)
 d - a +1 dagger of freezing
 g - a +0 spear
 w - a +0 trident
 y - a +3 dagger of venom
 B - a +0 battleaxe
Armour
 b - a +0 scale mail
 c - a +0 buckler (worn)
 s - a +0 helmet (worn)
 z - a +3 ring mail (worn)
Magical Staves
 n - a staff of death
Jewellery
 e - a ring of resist corrosion
 i - a +6 ring of dexterity (right hand)
 p - a +6 ring of dexterity (left hand)
Scrolls
 h - 2 scrolls of butterflies {unknown}
 j - a scroll of magic mapping {unknown}
 l - 7 scrolls of identify {unknown}
 m - 4 scrolls of teleportation {unknown}
 r - a scroll of enchant armour {unknown}
 u - a scroll of noise {unknown}
 A - a scroll of vulnerability {unknown}
Potions
 f - 3 potions of curing
 k - 2 potions of heal wounds {unknown}
 o - a potion of magic {unknown}
 q - a potion of cancellation {unknown}
 t - a potion of haste {unknown}
 v - a potion of mutation {unknown}
 x - a potion of ambrosia {unknown}


   Skills:
 + Level 3.8 Fighting
 + Level 4.0 Maces & Flails
 + Level 4.2 Armour
 + Level 1.4 Dodging
 + Level 0.5 Stealth
 + Level 4.4 Shields


You had 5 spell levels left.
You didn't know any spells.
Your spell library contained the following spells:

 Spells                   Type           Power      Damage    Failure   Level
 Ensorcelled Hibernation  Hex/Ice        0%         N/A       80%         2
 Spider Form              Tmut/Pois      0%         N/A       95%         3
 Anguish                  Hex/Necr       0%         N/A       100%        4


Dungeon Overview and Level Annotations

Branches:
Dungeon (4/15)
 Temple: D:4-7

Altars:
Gozag
Zin

Annotations:
D:4 1 transporter, pigah's ghost, amateur OpAE


Innate Abilities, Weirdness & Mutations

You are immune to sickness and miasma.
Your stone body is resilient. (AC +4)
You are immune to poison.
You resist negative energy. (rN+)
You are resistant to electric shocks. (rElec)
You are resistant to unholy torment.
You are immune to petrification.


Message History

The necrophage barely misses you. You block the iguana's attack.
The giant cockroach bites you but does no damage.
You barely miss the giant cockroach.
The necrophage hits you but does no damage.
The iguana misses you.
The giant cockroach bites you but does no damage.
Pigah's ghost hits you but does no damage.
The necrophage closely misses you. The iguana closely misses you.
You sock the giant cockroach!
You kill the giant cockroach!
Pigah's ghost hits you but does no damage.
You block the iguana's attack. The necrophage hits you.
You block pigah's ghost's attack.
The iguana bites you but does no damage.
You block the necrophage's attack.
You see here 6 gold pieces.
The necrophage attacks as you move away!
The necrophage hits you but does no damage.
You block pigah's ghost's attack. The iguana misses you.
The adder bites you but does no damage.
You sock the adder!
You kill the adder!
Pigah's ghost hits you.
The necrophage hits you but does no damage.
The iguana closely misses you. Pigah's ghost casts a spell at you.
The zap hits you. You resist.
* * * LOW HITPOINT WARNING * * *
You block the necrophage's attack.
The iguana hisses menacingly.
The iguana misses you.
You see here 7 gold pieces.
The necrophage attacks as you move away!
The necrophage hits you.
* * * LOW HITPOINT WARNING * * *
The iguana closely misses you.
Pigah's ghost waves its tentacles in wide circles.
The air twists around and strikes you!
You die...
Your body crumbles into a pile of gold.

# #.#.#.#.# #. ##.#.#.#.# #.##
#######..#.#.#.#
###...##..............#
..............©.......# .#.###
#######...#########...###......
.........##8.(.$.8##..##...?...
#######..#©....l$..#..##.......
#..#....@nW..#..##.......
#..#.........#..##.......
#..#....©....#..##.......
#..#.........#..#).......
#..#.........#..#........
#####..#.........#..)........
#.....)##8.....8##...#.......
#.....).#########....#......#
+...........§........+......'


You could see a necrophage, an iguana and pigah's ghost (swift).

Vanquished Creatures
  A scorpion (D:4)
  An orc wizard (D:3)
  Robin (D:4)
  A gnoll (D:1)
  5 adders
  2 worms
  A dart slug (D:1)
  14 orcs
  8 ball pythons
  4 endoplasms
  5 giant cockroaches
  16 goblins
  6 hobgoblins
  6 kobolds
  A quokka (D:1)
  8 bats
  5 frilled lizards
85 creatures vanquished.

Notes
Turn   | Place    | Note
-------+----------+-------------------------------------------
     0 | D:1      | KarmaKiller the Gargoyle Fighter began the quest for the
                  | Orb.
     0 | D:1      | Reached XP level 1. HP: 14/14 MP: 1/1
     7 | D:1      | Noticed a ghoul
     8 | D:1      | Noticed a demigod
    11 | D:1      | Noticed a dwarf
    20 | D:1      | Noticed a minotaur
    20 | D:1      | Noticed a vampire
    24 | D:1      | Noticed a dwarf
    72 | D:1      | Reached XP level 2. HP: 8/19 MP: 2/2
   684 | D:1      | Reached XP level 3. HP: 23/23 MP: 3/3
  1723 | D:2      | Reached XP level 4. HP: 27/28 MP: 4/4
  1887 | D:2      | Found a faded altar of an unknown god.
  1894 | D:2      | Prayed at the altar of an unknown god.
  1894 | D:2      | Became a worshipper of Gozag Ym Sagoz the Greedy
  1943 | D:2      | Reached skill level 1 in Dodging
  2213 | D:2      | Found an opulent altar of Gozag.
  2597 | D:3      | Found a glowing silver altar of Zin.
  2831 | D:3      | Reached XP level 5. HP: 21/33 MP: 5/5
  3176 | D:3      | Found an opulent altar of Gozag.
  3609 | D:4      | Noticed Robin
  3634 | D:4      | Killed Robin
  3635 | D:4      | Reached XP level 6. HP: 28/38 MP: 6/6
  3740 | D:4      | Found a transporter.
  3745 | D:4      | Noticed pigah's ghost (amateur OpAE)
  3758 | D:4      | Found a transporter.
  3845 | D:4      | Upgraded the game from 0.30-a0-165-g1891117ce2 to
                  | 0.30-a0-168-g0b976cbdc4
  3959 | D:4      | Killed from afar by pigah's ghost

Illustrated notes

Levels and vault maps discovered:
D:1:      shiori_arrival_whats_in_store_for_you, layout_basic,
          minmay_small_reverse_x
D:2:      layout_basic, basic_altar, dilly_ecumenical_altar_fadedgnrine
D:3:      layout_loops_cross, zin_scriptorium, nicolae_gozag_seed_capital,
          minmay_misc_feat_more_columns
D:4:      layout_basic, gammafunk_ghost_arena, uniq_robin, uniq_duvessa

Skill      XL: |  1  2  3  4  5  6 |
---------------+-------------------+-----
Shields        | 4 |  4.4
Dodging        | 1 |  1.4
Maces & Flails | 3 4 |  4.0
Armour         | 4 |  4.2
Fighting       | |  3.8
Stealth        | |  0.5

Action                   |  1- 3 |  4- 6 || total
-------------------------+-------+-------++-------
Melee: Flail             |   103 |   179 ||   282
  Use: Potion            |       |     1 ||     1
 Stab: Distracted        |       |     3 ||     3
Armor: Scale mail        |    89 |    59 ||   148
       Ring mail         |       |    34 ||    34
Dodge: Dodged            |    80 |   103 ||   183
Block: Buckler           |    29 |    64 ||    93

Table legend: (Time is in decaauts)
 A = Elapsed time spent in this place.
 B = Non-inter-level travel time spent in this place.
 C = Inter-level travel time spent in this place.
 D = Time resting spent in this place.
 E = Time spent auto-exploring this place.
 F = Levels seen in this place.
 G = Mean time per level.
                   A        B        C        D        E       F      G
               +--------+--------+--------+--------+--------+-----+--------+
         Total |   4039 |   4039 |      0 |    485 |      0 |   4 | 1009.8 |
       Dungeon |   4039 |   4039 |      0 |    485 |      0 |   4 | 1009.8 |
               +--------+--------+--------+--------+--------+-----+--------+

Top non-repeatable levels by time:
     D:1: 1287 daAuts
     D:3: 1164 daAuts
     D:2: 1133 daAuts
     D:4: 454 daAuts
